 Dungeon Crawl Stone Soup version 0.16-a0-621-gdc21f72 (webtiles) character file.

284 Ratboiler the Changer (level 6, 38/38 HPs)
             Began as an Octopode Transmuter on Sept 17, 2014.
             Quit the game in the Ecumenical Temple.
             The game lasted 00:11:58 (4876 turns).

Ratboiler the Changer (Octopode Transmuter)         Turns: 4876, Time: 00:11:58

HP  38/38        AC  1     Str  9      XL: 6   Next: 29%
MP  10/10        EV 12     Int 15      God:
Gold 63          SH  0     Dex 15      Spells:  3 memorised,  3 levels left

rFire  + . .     SeeInvis .     a - +2 whip (elec)
rCold  . . .     Clarity  .     (no shield)
rNeg   . . .     rCorr    .     (helmet restricted)
rPois  .         rRot     .     (no amulet)
rElec  .         Spirit   .     k - ring of protection from fire
SustAb .         Warding  .     (no ring)
rMut   .         Stasis   .     (no ring)
Gourm  .                        (no ring)
MR     .....                    (no ring)
                                (no ring)
                                (no ring)
                                (no ring)

@: not resistant to hostile enchantments, unstealthy
A: almost no armour, amphibious, 8 rings, constrict 8, camouflage 1, gelatinous
body 1
a: no special abilities


You were in the Ecumenical Temple.
You were not hungry.

You visited 2 branches of the dungeon, and saw 5 of its levels.

You collected 63 gold pieces.

Inventory:

Hand weapons
 a - a +2 whip of electrocution (weapon)
 b - a +0 blowgun
Missiles
 r - 69 arrows
 s - 23 poisoned needles
Comestibles
 n - 5 bread rations
 t - 2 beef jerkies
 v - 3 chunks of orc flesh
Scrolls
 f - 2 scrolls of recharging {unknown}
 i - 3 scrolls of identify {unknown}
 j - a scroll of enchant armour {unknown}
 l - a scroll of immolation {unknown}
 m - 2 scrolls of magic mapping {unknown}
 o - a scroll of fear {unknown}
 p - a scroll of fog {unknown}
 u - a scroll of random uselessness {unknown}
 w - a scroll of remove curse {unknown}
Jewellery
 k - a ring of protection from fire (left tentacle)
Potions
 c - a potion of agility {unknown}
 e - 3 potions of lignification {unknown}
 g - 2 potions of brilliance {unknown}
 h - 2 potions of heal wounds {unknown}
 q - a potion of curing {unknown}
Books
 d - a book of Changes

   Spells                             Type                      Level
   *Beastly Appendage                 Transmutation                1
   *Sticks to Snakes                  Transmutation                2
   *Spider Form                       Transmutation/Poison         3
   Ice Form                           Ice/Transmutation            4
   Blade Hands                        Transmutation                5


   Skills:
 - Level 1.0 Fighting
 + Level 2.0 Dodging
 + Level 4.2 Unarmed Combat
 - Level 2.0 Spellcasting
 + Level 5.6 Transmutations


You had 3 spell levels left.
You knew the following spells:

 Your Spells              Type           Power        Failure   Level  Hunger
a - Beastly Appendage     Trmt           ###...       1%          1    #......
b - Sticks to Snakes      Trmt           ###.......   3%          2    ###....
c - Spider Form           Trmt/Pois      #.........   24%         3    ####...


Dungeon Overview and Level Annotations

Branches:
Dungeon (4/15)             Temple (1/1) D:4

Altars:
Cheibriados
Dithmenos
Elyvilon
Gozag
Kikubaaqudgha
Makhleb
Nemelex Xobeh
Okawaru
Qazlal
Ru
Vehumet
Zin


Innate Abilities, Weirdness & Mutations

You cannot wear most types of armour.
You are amphibious.
You can wear up to eight rings at the same time.
You can use your tentacles to constrict many enemies at once.
Your skin changes colour to match your surroundings (Stealth).
Your rubbery body absorbs attacks (AC +1).


Message History

There is a staircase to the Ecumenical Temple here.
You climb downwards.
Welcome to the Ecumenical Temple!
Found a burning altar of Makhleb and a shadowy altar of Dithmenos.
There is a staircase back to the Dungeon here.
Found a snail-covered altar of Cheibriados.
Found a glowing silver altar of Zin.
There is a snail-covered altar of Cheibriados here.
Found a sparkling altar of Nemelex Xobeh.
Found an opulent altar of Gozag.
Found a sacrificial altar of Ru.
Found a white marble altar of Elyvilon.
Found a stormy altar of Qazlal.
Found an ancient bone altar of Kikubaaqudgha.
Found a radiant altar of Vehumet.
Found an iron altar of Okawaru.
Done exploring.
Welcome back, Ratboiler the Octopode Transmuter.
Press ? for a list of commands and other information.
There is an opulent altar of Gozag here.
Are you sure you want to abandon this character and quit the game? (Confirm with "yes".)

................_........#
...⌠...⌠.................##
..........................#
..........................#
⌠....<....⌠......._.......#
..........................#
..........................#
...⌠...⌠.................##
................@........#
........................##
.......................##
............_.........##
....._..............###
..................###
...............####
...........#####
############


There were no monsters in sight!

Vanquished Creatures
  3 orc priests (D:3)
  An orc wizard (D:3)
  3 adders (D:3)
  3 gnolls (D:2)
  3 worms
  3 giant geckos (D:1)
  10 orcs (D:3)
  A giant cockroach (D:3)
  9 goblins
  9 hobgoblins
  3 jackals (D:3)
  12 kobolds
  A quokka (D:3)
  A ball python (D:3)
  9 bats
  2 giant newts
  9 rats
82 creatures vanquished.

Notes
Turn   | Place    | Note
--------------------------------------------------------------
     0 | D:1      | Ratboiler, the Octopode Transmuter, began the quest for the Orb.
     0 | D:1      | Reached XP level 1. HP: 13/13 MP: 3/3
   298 | D:1      | Reached XP level 2. HP: 12/18 MP: 2/4
   400 | D:1      | Learned a level 2 spell: Sticks to Snakes
  1160 | D:1      | Reached XP level 3. HP: 23/23 MP: 4/6
  1654 | D:2      | Reached skill level 4 in Transmutations
  1662 | D:2      | Reached XP level 4. HP: 10/28 MP: 7/7
  2555 | D:2      | Learned a level 3 spell: Spider Form
  2678 | D:3      | Reached XP level 5. HP: 31/33 MP: 9/9
  3314 | D:3      | Reached skill level 5 in Transmutations
  4239 | D:3      | Reached XP level 6. HP: 38/38 MP: 8/10
  4776 | D:4      | Found a staircase to the Ecumenical Temple.
  4785 | Temple   | Entered the Ecumenical Temple
  4876 | Temple   | Quit the game

Action                   |  1- 3 |  4- 6 || total
-------------------------+-------+-------++-------
Melee: Unarmed           |    57 |     8 ||    65
       Whip              |     8 |    93 ||   101
 Cast: Beastly Appendage |    16 |     9 ||    25
       Spider Form       |       |     1 ||     1
 Stab: Sleeping          |     1 |     5 ||     6
  Eat: Meat ration       |     1 |       ||     1
       Chunk             |       |     8 ||     8
